 Dungeon Crawl Stone Soup version 0.22-a0-469-gf26638a (webtiles) character file.

145156 iamserjio the Impaler (level 17, -7/153 HPs)
             Began as a Merfolk Chaos Knight on June 11, 2018.
             Killed from afar by a deep elf elementalist (19 damage)
             ... with a freezing blast
             ... on level 3 of the Elven Halls.
             The game lasted 02:01:43 (39744 turns).

iamserjio the Impaler (Merfolk Chaos Knight)       Turns: 39744, Time: 02:01:44

Health: -7/153     AC: 17    Str: 18      XL:     17   Next: 41%
Magic:  0/26       EV: 18    Int: 13 (14) God:    Xom [.*....]
Gold:   2037       SH:  4    Dex: 12 (14) Spells: 14/16 levels left

rFire    + + .     SeeInvis .   e - +5 glaive (freeze)
rCold    . . .     Gourm    .   (shield currently unavailable)
rNeg     + . .     Faith    .   d - +0 fire dragon scales
rPois    .         Spirit   +   x - +2 helmet
rElec    .         Reflect  .   K - scarf {Spirit}
rCorr    .         Harm     .   k - +2 pair of gloves
MR       ++...     Clarity  +   P - +2 pair of boots {run}
Stlth    ..........             L - amulet of rage
HPRegen  0.35/turn              D - ring of protection from magic
MPRegen  0.20/turn              g - ring "Maipt" {+Fly rC+ rN+}

@: quick
A: change form in water, swift swim, stealthy swim, large bone plates 1, blurry
vision 1, clarity, clever 1, deterioration 1
a: Renounce Religion, Evoke Berserk Rage, Evoke Flight


You were on level 3 of the Elven Halls.
You worshipped Xom.
You were a plaything of Xom.
You were hungry.

You visited 4 branches of the dungeon, and saw 26 of its levels.
You visited the Abyss 1 time.
You also visited: Ice Cave.

You collected 4562 gold pieces.
You spent 2525 gold pieces at shops.

Inventory:

Hand Weapons
 a - the +5 longbow of the Vanishing Coins {chaos, Int+3, unknown}
   (Xom gifted it to you on level 2 of the Elven Halls)

   Each projectile launched from it has a different, random effect.
   It affects your intelligence (+3).
 e - a +5 glaive of freezing (weapon)
 h - a +1 glaive of pain
 u - a +2 antimagic lajatang
 z - a +1 antimagic halberd
 Z - a +2 demon trident of draining
Armour
 d - +0 fire dragon scales (worn)
 i - a +2 cloak
 k - a +2 pair of gloves (worn)
 x - a +2 helmet (worn)
 K - a scarf of spirit shield (worn)
 P - a +2 pair of boots of running (worn)
 X - a +2 scale mail of cold resistance
Jewellery
 f - a +6 ring of strength
 g - the ring "Maipt" (right hand) {+Fly rC+ rN+}
   (Xom gifted it to you on level 4 of the Dungeon)

   [ring of positive energy]

   It protects you from cold.
   It protects you from negative energy.
   It lets you fly.
 q - the ring "Korojeh" {Int+5 Slay+1}
   (You found it on level 1 of the Elven Halls)

   [ring of slaying]

   It affects your intelligence (+5).
   It affects your accuracy and damage with ranged weapons and melee attacks
   (+1).
 s - an uncursed amulet of the acrobat
 D - a ring of protection from magic (left hand)
 G - a +6 ring of dexterity
 H - an uncursed ring of protection from fire
 J - the ring "Jiucs" {rC+ Dex+4}
   (You took it off an orc on level 4 of the Dungeon)

   [ring of protection from cold]

   It affects your dexterity (+4).
   It protects you from cold.
 L - an amulet of rage (around neck)
 N - an uncursed ring of poison resistance
 T - an uncursed ring of see invisible
Wands
 b - a wand of polymorph (59)
 j - a wand of acid (19)
 l - a wand of clouds (2)
 m - a wand of digging (19)
 r - a wand of scattershot (10)
 t - a wand of disintegration (12)
 M - a wand of enslavement (11)
Scrolls
 n - a scroll of brand weapon
 o - 4 scrolls of fog
 w - 9 scrolls of enchant weapon
 y - 3 scrolls of immolation
 A - 3 scrolls of magic mapping
 C - 6 scrolls of enchant armour
 E - 14 scrolls of remove curse
 O - a scroll of teleportation
 Q - a scroll of identify
 U - a scroll of blinking
 V - a scroll of silence
 Y - a scroll of vulnerability
Potions
 v - a potion of might
 B - 2 potions of curing
 R - 4 potions of mutation
 S - a potion of haste
 W - 6 potions of lignification
Miscellaneous
 p - a sack of spiders
Comestibles
 c - 42 rations


   Skills:
 * Level 19.3 Fighting
 + Level 20.3 Polearms
 - Level 0.6 Armour
 + Level 18.9 Dodging
 - Level 12.0 Evocations


You had 14 spell levels left.
You knew the following spells:

 Your Spells              Type           Power        Failure   Level  Hunger
a - Passwall              Tmut/Erth      #.......     90%         2    ###....

Your spell library contained the following spells:

 Spells                   Type           Power        Failure   Level  Hunger
 Cause Fear               Hex            #.........   100%        4    #####..
 Magic Dart               Conj           #...         80%         1    ##.....
 Fireball                 Conj/Fire      #.........   100%        5    ######.
 Conjure Flame            Conj/Fire      #.......     99%         3    ####...
 Bolt of Fire             Conj/Fire      #.........   100%        6    #######
 Confuse                  Hex            #.......     99%         3    ####...
 Invisibility             Hex            #.......     100%        6    #######
 Throw Flame              Conj/Fire      #.....       90%         2    ###....
 Throw Frost              Conj/Ice       #.....       90%         2    ###....
 Iskenderun's Mystic Bla  Conj           #.......     100%        4    #####..
 Freeze                   Ice            #...         80%         1    ##.....
 Sticky Flame             Conj/Fire      #.......     100%        4    #####..
 Summon Ice Beast         Ice/Summ       #.......     100%        4    #####..
 Ozocubu's Armour         Chrm/Ice       #.......     99%         3    ####...
 Regeneration             Chrm/Necr      #.........   99%         3    ####...
 Stone Arrow              Conj/Erth      #.....       99%         3    ####...
 Swiftness                Chrm/Air       #.......     90%         2    ###....
 Throw Icicle             Conj/Ice       #.......     100%        4    #####..
 Shadow Creatures         Summ           N/A          100%        6    #######
 Confusing Touch          Hex            #.....       80%         1    ##.....
 Flame Tongue             Conj/Fire      #....        80%         1    ##.....
 Ensorcelled Hibernation  Hex/Ice        #.....       90%         2    ###....
 Silence                  Hex/Air        #.........   100%        5    ######.
 Lee's Rapid Deconstruct  Erth           #.........   100%        5    ######.
 Sandblast                Erth           #.....       80%         1    ##.....
 Portal Projectile        Hex/Tloc       #.....       99%         3    ####...
 Petrify                  Tmut/Erth      #.......     100%        4    #####..
 Passage of Golubria      Tloc           N/A          100%        4    #####..
 Darkness                 Hex            #.........   100%        6    #######
 Shroud of Golubria       Chrm/Tloc      #.........   90%         2    ###....
 Inner Flame              Hex/Fire       #.......     99%         3    ####...
 Fulminant Prism          Conj/Hex       #.........   100%        4    #####..
 Dazzling Spray           Conj/Hex       #.....       99%         3    ####...
 Force Lance              Conj/Tloc      #.......     100%        4    #####..
 Infusion                 Chrm           #...         80%         1    ##.....
 Song of Slaying          Chrm           #.......     90%         2    ###....
 Spectral Weapon          Hex/Chrm       #.......     99%         3    ####...
 Searing Ray              Conj           #.....       90%         2    ###....
 Borgnjor's Vile Clutch   Necr/Erth      #.........   100%        5    ######.


Dungeon Overview and Level Annotations

Branches:
Dungeon (15/15)            Temple (0/1) D:7            Lair (6/6) D:9
  Swamp (0/4) Lair:4       Spider (0/4) Lair:3        Slime (0/5) Lair:6
    Orc (2/2) D:10            Elf (3/3) Orc:2        Vaults (0/5) D:13
 Depths (0/5) D:15

Altars:
Ashenzari
Cheibriados
Dithmenos
Elyvilon
Fedhas
Kikubaaqudgha
Makhleb
Nemelex Xobeh
Okawaru
Qazlal
Ru
Sif Muna
Trog
Xom
Zin
The Shining One
Beogh
Jiyva

Shops:
D:4 *=   D:7 !   D:10 *   D:13 [   Orc:2 !?(:=   Elf:3 %*%(*

Annotations:
Lair:6 1 runed door
Elf:1 Agnes
Elf:3 1 exclusion


Innate Abilities, Weirdness & Mutations

You revert to your normal form in water.
You are very nimble and swift while swimming.
You are very stealthy in the water. (Stealth+)
You are partially covered in large bone plates. (SH +4)
Scrolls take you a little longer to read.
You possess an exceptional clarity of mind.
Your mind is acute. (Int +2)
Your body sometimes deteriorates upon taking damage.


Message History

* * * LOW HITPOINT WARNING * * *
You hit the deep elf master archer. You freeze the deep elf master archer.
The deep elf master archer is heavily wounded.
The deep elf master archer shoots an arrow.
The arrow hits you!!
* * * LOW HITPOINT WARNING * * *
The arrow freezes you!
* * * LOW HITPOINT WARNING * * *
Okay, then.
Evoke which item? (* to show all) (? for menu, Esc to quit)
Aiming: Scattershot
Press: ? - help, Shift-Dir - straight line, f/p - deep elf master archer
Aim: a deep elf master archer, wielding a longbow of freezing and wearing a leather armour (heavily wounded)
The burst of metal fragments hits the deep elf master archer. x2
You kill the deep elf master archer!
A deep elf elementalist comes into view.
It is wielding a dagger.
The deep elf elementalist casts a spell at you.
The freezing blast engulfs you!
You die...
Xom roars with laughter!

###+############'################
.................................
.................................
#########'#######'##############'
,................................
,................................
##########...####################
......,,,#...#.(.................
......,,,#...#(.@.)..............
#8.8.8####...e##################'
..⌠.⌠....[∩...............<......
.8.∩.8...........................
#.⌠.⌠.####.##########'###########
.8.8.8.....,,,...................
..........,,,,...................
##..#...########+#######...######
.......................#...#.^...


You could see a deep elf elementalist.

Vanquished Creatures
  A deep elf master archer (Elf:3)
  A deep elf sorcerer (Elf:3)
  Louise (D:15)
  The ghost of EnegeticOcto the Fighter, a journeyman TrAM of Wu Jian (Lair:4)
  A stone giant (Elf:3)
  A deep elf annihilator (Elf:3)
  A white draconian (IceCv)
  A deep elf death mage (Elf:3)
  2 fire dragons
  A vault guard (D:13)
  An ice dragon (D:15)
  3 centaur warriors (D:14)
  5 hydras
  6 two-headed ogres
  2 queen ants
  Erica (D:10)
  An ogre mage (D:15)
  24 dancing weapons
  2 tengu warriors (D:10)
  2 thrashing horrors (Abyss:3)
  Urug (Lair:3)
  4 orc high priests (Orc:2)
  11 deep elf knights
  Nergalle (D:10)
  A glowing orange brain (D:7)
  2 unseen horrors
  A wizard (D:15)
  10 deep elf archers
  A wolf spider zombie (D:15)
  A lindwurm (Lair:6)
  A necromancer (Lair:5)
  A harpy (IceCv)
  An orb spider (shapeshifter) (D:13)
  4 orc knights (Orc:2)
  2 manticores
  38 deep elf magi
  4 cyclopes
  An orb spider (Lair:3)
  6 orc sorcerers
  3 ugly things
  A moth of wrath (shapeshifter) (D:15)
  A black mamba (shapeshifter) (Elf:2)
  A centaur zombie (D:12)
  7 elephants
  2 black mambas (Lair:6)
  5 torpor snails (Lair:6)
  A water nymph (Lair:3)
  10 spiny frogs
  3 rime drakes
  2 gargoyles
  2 efreet
  9 komodo dragons
  A redback zombie (D:12)
  5 yaktaurs (D:15)
  2 ice devils (Lair:6)
  An ancient zyme (Abyss:3)
  4 trolls
  6 hornets
  25 polar bears
  9 blink frogs
  3 tyrant leeches (Lair:6)
  9 slime creatures
  A wolf spider simulacrum (D:15)
  4 raiju
  A dream sheep (Lair:6)
  3 bog bodies (Lair:4)
  13 hippogriffs
  A ynoxinul (Abyss:3)
  4 air elementals
  2 water elementals
  3 centaur simulacra (D:15)
  3 wyverns
  36 yaks
  3 fire bats (Lair:5)
  A wraith (D:10)
  8 basilisks
  6 humans (D:10)
  4 fire elementals
  2 steam dragons
  3 hungry ghosts
  A two-headed ogre zombie (D:10)
  A redback simulacrum (D:15)
  A swamp worm (Lair:4)
  An acid dragon (D:13)
  6 wargs
  12 hell hounds (Lair:6)
  9 water moccasins
  A porcupine (shapeshifter) (Elf:2)
  8 porcupines
  4 phantoms
  29 orc warriors
  12 black bears
  8 ice beasts
  2 sky beasts
  An eye of draining (shapeshifter) (Elf:3)
  12 ogres
  35 wolves
  9 centaurs
  6 crocodiles
  2 big kobolds
  11 bullfrogs
  A water moccasin zombie (D:9)
  6 earth elementals
  3 troll zombies (D:10)
  5 scorpions
  13 killer bees
  2 howler monkeys (D:9)
  3 wights (D:15)
  3 electric eels (Lair:4)
  A bullfrog zombie (D:7)
  8 crimson imps
  2 quasits
  9 jellies
  A centaur skeleton (D:4)
  8 hounds
  2 gnoll shamans
  32 orc priests
  32 orc wizards
  2 iguanas
  6 hell rats (Lair:6)
  9 worker ants
  5 yak simulacra (Lair:5)
  A polar bear simulacrum (Lair:5)
  2 small abominations (Abyss:3)
  3 wolf simulacra (Lair:5)
  4 ogre zombies (D:10)
  A hound zombie (D:8)
  A worker ant zombie (D:9)
  9 gnolls
  10 adders
  2 shadow imps
  6 oozes
  An ufetubus (Abyss:3)
  3 adder skeletons
  4 worms
  2 dart slugs (D:1)
  5 leopard geckos
  98 orcs
  5 bats
  4 giant cockroaches
  17 goblins
  9 hobgoblins
  5 jackals
  19 kobolds
  2 quokkas
  A ball python (D:4)
  A frilled lizard (D:1)
  A goblin skeleton (D:10)
  2 hobgoblin zombies (D:10)
  2 orc skeletons (D:10)
  16 orc zombies (D:10)
  21 rats
  2 river rat simulacra (Lair:5)
942 creatures vanquished.

Vanquished Creatures (collateral kills)
  A hydra (Lair:6)
  A deep elf knight (Elf:1)
  A deep troll (D:13)
  A deep elf archer (Elf:1)
  A deep elf mage (Elf:1)
  An elephant (Lair:5)
  An ancient zyme (Abyss:3)
  3 yaks (IceCv)
  A neqoxec (Abyss:3)
  2 wargs (Lair:6)
  2 water moccasins
  A porcupine (Lair:1)
  An ogre (D:4)
  An earth elemental (Elf:1)
  A killer bee (D:10)
  A worker ant (D:10)
  2 orcs (D:4)
22 creatures vanquished.

Vanquished Creatures (others)
  A deep elf elementalist (Elf:3)
  A dancing weapon (Elf:2)
  A deep elf knight (Elf:1)
  2 deep elf magi (Elf:1)
  An elephant (Lair:5)
  A blink frog (Abyss:3)
  2 air elementals (Elf:1)
  A water elemental (Elf:2)
  A yak (Lair:1)
  A sky beast (D:15)
  3 wolves
  A bullfrog skeleton (D:10)
  An orc wizard (D:4)
  A hound skeleton (D:5)
  A leopard gecko (D:5)
  An orc (Orc:2)
  2 hobgoblin skeletons (D:10)
  A hobgoblin zombie (D:10)
  An orc zombie (D:10)
  14 fungi
  35 plants
  7 starspawn tentacles (Abyss:3)
80 creatures vanquished.

Grand Total: 1044 creatures vanquished

Notes
Turn   | Place    | Note
-------+----------+-------------------------------------------
     0 | D:1      | iamserjio the Merfolk Chaos Knight began the quest for the Orb.
     0 | D:1      | Reached XP level 1. HP: 18/18 MP: 1/1
    22 | D:1      | XOM: potion effect (brilliance)
    29 | D:1      | Reached XP level 2. HP: 24/24 MP: 2/2
    56 | D:1      | Reached skill level 5 in Polearms
   116 | D:1      | Reached XP level 3. HP: 29/29 MP: 3/3
   932 | D:2      | XOM: potion effect (agility)
   958 | D:2      | XOM: divination: magic mapping
   963 | D:2      | Reached XP level 4. HP: 31/37 MP: 4/4
  1033 | D:2      | XOM: silly message
  1039 | D:2      | Reached skill level 6 in Polearms
  1043 | D:2      | XOM: harmless Chrm miscast
  1259 | D:2      | XOM: silly message
  1846 | D:3      | XOM: butterfly on damage
  1854 | D:3      | XOM: cast spell 'Metabolic Englaciation'
  1856 | D:3      | Reached XP level 5. HP: 29/42 MP: 5/5
  2154 | D:2      | XOM: cloud trail
  2407 | D:3      | Reached skill level 7 in Polearms
  2422 | D:3      | XOM: summons 2 friendly demons
  2440 | D:3      | XOM: divination: detect creatures
  2604 | D:3      | Found a glowing silver altar of Zin.
  2605 | D:3      | Found a white marble altar of Elyvilon.
  2606 | D:3      | Found a glowing golden altar of the Shining One.
  2628 | D:3      | Reached XP level 6. HP: 48/48 MP: 6/6
  2791 | D:3      | XOM: summons 3 hostile shadow creatures
  2821 | D:3      | XOM: noise
  2836 | D:3      | XOM: mild Tloc miscast
  3043 | D:4      | XOM: confusion (+ monsters)
  3062 | D:4      | Reached skill level 8 in Polearms
  3062 | D:4      | Reached skill level 5 in Dodging
  3112 | D:4      | XOM: summons friendly iron imp
  3176 | D:4      | Reached skill level 9 in Polearms
  3251 | D:4      | Found Ovyfeo's General Store.
  3259 | D:4      | Bought a scroll of remove curse for 30 gold pieces
  3259 | D:4      | Bought a potion of curing for 30 gold pieces
  3259 | D:4      | Bought a scroll of noise for 10 gold pieces
  3259 | D:4      | Bought 2 scrolls of fog for 40 gold pieces
  3259 | D:4      | Bought a scroll of identify for 20 gold pieces
  3265 | D:4      | Found Uscheise's Jewellery Shoppe.
  3268 | D:4      | Noticed a phantom
  3270 | D:4      | XOM: divination: magic mapping
  3274 | D:4      | XOM: 2-stop teleportation journey
  3311 | D:4      | Reached XP level 7. HP: 54/54 MP: 7/7
  3332 | D:4      | XOM: silly message
  3337 | D:4      | XOM: divine lightning
  3400 | D:4      | XOM: 1-stop teleportation journey
  3409 | D:4      | XOM: confuse monster(s)
  3480 | D:4      | XOM: god gift: wavering wooden ring {god gift}
  3481 | D:4      | Got a wavering wooden ring {god gift}
  3482 | D:4      | Identified the ring "Maipt" {+Fly rC+ rN+} (Xom gifted it to you on level 4 of the Dungeon)
  3582 | D:4      | XOM: divination: magic mapping
  3666 | D:4      | Got a coiled steel ring
  3780 | D:4      | XOM: scenery: 1 doors open
  4208 | D:5      | Entered Level 5 of the Dungeon
  4272 | D:5      | XOM: give mutation
  4272 | D:5      | Gained mutation: You are frail. (-10% HP) [Xom's mischief]
  4279 | D:5      | Reached skill level 10 in Polearms
  4430 | D:5      | XOM: god gift: wand of enslavement (9)
  4607 | D:5      | XOM: divine lightning
  4617 | D:5      | Reached XP level 8. HP: 54/54 MP: 8/8
  4637 | D:5      | Reached skill level 5 in Fighting
  4688 | D:5      | Identified the ring "Jiucs" {rC+ Dex+4} (You took it off an orc on level 4 of the Dungeon)
  4929 | D:5      | Reached skill level 11 in Polearms
  5341 | D:6      | XOM: divination: magic mapping
  5379 | D:6      | Found a blossoming altar of Fedhas.
  5555 | D:6      | XOM: divination: magic mapping
  5570 | D:6      | XOM: cleaving
  5638 | D:7      | Reached skill level 12 in Polearms
  5692 | D:7      | Found a snail-covered altar of Cheibriados.
  5726 | D:7      | Found Ugugat's Distillery.
  5734 | D:7      | Bought a potion of invisibility for 96 gold pieces
  5734 | D:7      | Bought 2 potions of heal wounds for 120 gold pieces
  5734 | D:7      | Bought a potion of invisibility for 96 gold pieces
  5734 | D:7      | Bought a potion of agility for 48 gold pieces
  5915 | D:7      | Reached XP level 9. HP: 62/62 MP: 9/9
  5935 | D:7      | Found a staircase to the Ecumenical Temple.
  6018 | D:8      | Noticed a two-headed ogre
  6149 | D:7      | Noticed a glowing orange brain
  6149 | D:7      | a two-headed ogre changed into a glowing orange brain
  6149 | D:7      | XOM: polymorph two-headed ogre -> glowing orange brain
  6161 | D:7      | Killed a glowing orange brain
  6181 | D:8      | Reached skill level 13 in Polearms
  6182 | D:8      | XOM: scenery: 3 doors open, 1 doors close
  6231 | D:8      | Noticed a two-headed ogre
  6240 | D:8      | XOM: 4-stop teleportation journey
  6283 | D:8      | XOM is BORED!
  6283 | D:8      | XOM: medium Tmut miscast
  6305 | D:8      | Gained mutation: You are weak. (Str -2) [mutagenic glow]
  6404 | D:8      | Gained mutation: Your body sometimes deteriorates upon taking damage. [mutagenic glow]
  6569 | D:8      | Found a shadowy altar of Dithmenos.
  6600 | D:8      | Found a stormy altar of Qazlal.
  6757 | D:8      | Killed a two-headed ogre
  6757 | D:8      | Reached skill level 14 in Polearms
  6757 | D:8      | Reached XP level 10. HP: 27/72 MP: 10/10
  7141 | D:8      | XOM: blink monster(s)
  7416 | D:8      | XOM: give mutations
  7416 | D:8      | Lost mutation: You are weak. (Str -2) [Xom's mischief]
  7416 | D:8      | Gained mutation: You have an increased reservoir of magic. (+10% MP) [Xom's mischief]
  7506 | D:8      | Found an ancient bone altar of Kikubaaqudgha.
  7506 | D:8      | Found an iron altar of Okawaru.
  7506 | D:8      | Found a sparkling altar of Nemelex Xobeh.
  7507 | D:8      | Found a shimmering altar of Xom.
  7509 | D:8      | Found a burning altar of Makhleb.
  7510 | D:8      | Found a bloodstained altar of Trog.
  7511 | D:8      | Found a shattered altar of Ashenzari.
  7616 | D:9      | Noticed a two-headed ogre
  7626 | D:9      | Killed a two-headed ogre
  7626 | D:9      | Reached skill level 10 in Dodging
  7762 | D:9      | Reached skill level 15 in Polearms
  7833 | D:9      | Identified the Disquisition on Hexes and the Arsonist
  7960 | D:9      | XOM: harmless Hex miscast
  8012 | D:9      | Found a staircase to the Lair.
  8049 | D:9      | XOM: divination: detect items
  8102 | D:9      | XOM: destruction
  8375 | D:10     | Entered Level 10 of the Dungeon
  8423 | D:10     | XOM: summons 4 friendly demons
  8478 | D:10     | Found a staircase to the Orcish Mines.
  8766 | D:10     | XOM: destruction
  8778 | D:10     | Noticed a gargoyle
  8790 | D:10     | XOM: cast spell 'Dispersal'
  8797 | D:10     | XOM: enchant monster (bad)
  8803 | D:10     | XOM: smoke on damage
  8836 | D:10     | XOM is BORED!
  8836 | D:10     | XOM: 1-stop teleportation journey
  8844 | D:10     | XOM: divination: magic mapping
  8861 | D:10     | XOM: chaos upgrade
  8863 | D:10     | XOM: destruction
  8875 | D:10     | Noticed Nergalle
  8890 | D:10     | XOM: give mutations
  8890 | D:10     | Gained mutation: Your body often deteriorates upon taking damage. [Xom's mischief]
  8894 | D:10     | XOM: chaos cloud
  8895 | D:10     | XOM: summons friendly iron imp
  8903 | D:10     | XOM: summons friendly shadow imp
  8928 | D:10     | XOM: summons 2 hostile demons
  9029 | D:9      | XOM: harmless Summ miscast
  9056 | D:10     | XOM: give mutations
  9056 | D:10     | Gained mutation: You are clumsy. (Dex -2) [Xom's mischief]
  9056 | D:10     | Lost mutation: Your body often deteriorates upon taking damage. [Xom's mischief]
  9056 | D:10     | Gained mutation: You are weak. (Str -2) [Xom's mischief]
  9070 | D:10     | Noticed Erica
  9072 | D:10     | XOM: fake destruction
  9091 | D:10     | Killed a gargoyle
  9091 | D:10     | Reached skill level 16 in Polearms
  9096 | D:10     | Killed Erica
  9096 | D:10     | Reached XP level 11. HP: 80/80 MP: 12/12
  9127 | D:10     | XOM: mild Ice miscast
  9174 | D:10     | XOM: confusion (+ monsters)
  9176 | D:10     | XOM: medium Erth miscast
  9194 | D:10     | XOM: swap monsters
  9214 | D:10     | XOM: confusion
  9227 | D:10     | Killed Nergalle
  9320 | D:10     | Noticed a tengu warrior
  9321 | D:10     | Noticed a tengu warrior
  9328 | D:10     | XOM: 5-stop teleportation journey
  9362 | D:10     | Found Mask's General Store.
  9407 | Lair:1   | Entered Level 1 of the Lair of Beasts
  9424 | D:9      | XOM: medium Erth miscast
  9584 | D:9      | XOM: chaos cloud
  9615 | D:8      | XOM: give mutation
  9615 | D:8      | Lost mutation: Your body sometimes deteriorates upon taking damage. [Xom's mischief]
  9816 | D:8      | XOM: give mutation
  9816 | D:8      | Gained mutation: Scrolls take you a little longer to read. [Xom's mischief]
  9980 | D:9      | XOM: fog
  9995 | D:9      | XOM: harmless Pois miscast
 10113 | Lair:1   | XOM: silly message
 10168 | Lair:1   | XOM: harmless Chrm miscast
 10173 | Lair:1   | Reached skill level 17 in Polearms
 10192 | Lair:1   | XOM: fog
 10310 | Lair:1   | Reached skill level 1 in Evocations
 10379 | Lair:1   | XOM: medium Summ miscast
 10393 | Lair:1   | XOM: divination: detect creatures
 10394 | Lair:1   | XOM: cast spell 'Summon Hydra'
 10795 | Lair:1   | XOM: cleaving
 10802 | Lair:1   | XOM: destruction
 10860 | Lair:1   | XOM: swap monsters
 10866 | Lair:1   | Reached skill level 10 in Fighting
 10905 | Lair:1   | XOM: enchant monster (bad)
 10913 | Lair:1   | XOM: medium Tmut miscast
 11026 | Lair:1   | XOM: give mutations
 11026 | Lair:1   | Gained mutation: You have a considerably increased reservoir of magic. (+20% MP) [Xom's mischief]
 11026 | Lair:1   | Gained mutation: You are very frail. (-20% HP) [Xom's mischief]
 11026 | Lair:1   | Lost mutation: You are clumsy. (Dex -2) [Xom's mischief]
 11026 | Lair:1   | Gained mutation: You are extremely frail. (-30% HP) [Xom's mischief]
 11027 | Lair:1   | XOM: give mutation
 11027 | Lair:1   | Gained mutation: You have a pair of small horns on your head. [Xom's grace]
 11074 | Lair:1   | XOM: scenery: create altars
 11485 | Lair:2   | XOM: summons friendly quasit
 11599 | Lair:2   | XOM: god gift: 890 gold pieces
 11671 | Lair:2   | XOM is BORED!
 11687 | Lair:3   | XOM: butterfly on damage
 11694 | Lair:3   | Got a wavering lapis lazuli ring
 11696 | Lair:3   | Identified the ring of Doubts {rN+ Stlth-} (You found it on level 3 of the Lair of Beasts)
 11901 | Lair:3   | Found a hole to the Spider Nest.
 11901 | Lair:3   | Noticed an orb spider
 11914 | Lair:3   | Killed an orb spider
 11951 | Lair:3   | You fall through a shaft for 2 floors!
 11952 | Lair:5   | Noticed an eight-headed hydra
 11974 | Lair:5   | XOM: 2-stop teleportation journey
 11991 | Lair:4   | Noticed EnegeticOcto's ghost (journeyman TrAM)
 12031 | Lair:4   | XOM: summons 4 friendly demons
 12038 | Lair:4   | Killed EnegeticOcto's ghost
 12038 | Lair:4   | Reached skill level 18 in Polearms
 12038 | Lair:4   | Reached XP level 12. HP: 28/68 MP: 15/17
 12184 | Lair:4   | XOM: harmless Ice miscast
 12430 | Lair:3   | XOM: polymorph elephant -> water nymph
 12484 | Lair:3   | You fall through a shaft for 3 floors!
 12484 | Lair:6   | Entered Level 6 of the Lair of Beasts
 12519 | Lair:6   | XOM: severe Ice miscast
 12546 | Lair:6   | XOM: severe Necr miscast
 12572 | Lair:6   | XOM: summons 4 friendly demons
 12572 | Lair:6   | Noticed an eight-headed hydra
 12578 | Lair:6   | XOM: cast spell 'Monstrous Menagerie'
 12584 | Lair:6   | Killed an eight-headed hydra
 12591 | Lair:6   | Noticed a seven-headed hydra
 12598 | Lair:6   | Found a frozen archway.
 12616 | IceCv    | Entered an ice cave
 12658 | IceCv    | XOM: divination: detect items
 12685 | IceCv    | XOM: enchant monster (bad)
 12886 | IceCv    | XOM: harmless Necr miscast
 12895 | IceCv    | XOM: noise
 12898 | IceCv    | XOM: cleaving
 12914 | IceCv    | Reached skill level 5 in Evocations
 12939 | IceCv    | XOM: 1-stop teleportation journey
 12966 | IceCv    | XOM: summons friendly ufetubus
 12981 | IceCv    | XOM: polymorph yak -> harpy
 13011 | IceCv    | XOM: 1-stop teleportation journey
 13013 | IceCv    | XOM: confuse monster(s)
 13023 | IceCv    | XOM: potion effect (invisibility)
 13036 | IceCv    | XOM: polymorph wolf -> ooze
 13260 | IceCv    | XOM: mild Necr miscast
 13430 | IceCv    | XOM: 1-stop teleportation journey
 13633 | IceCv    | XOM: give mutations
 13633 | IceCv    | Lost mutation: Scrolls take you a little longer to read. [Xom's mischief]
 13633 | IceCv    | Gained mutation: You are very weak. (Str -4) [Xom's mischief]
 13633 | IceCv    | Gained mutation: You are dopey. (Int -2) [Xom's mischief]
 13633 | IceCv    | Lost mutation: You have a pair of small horns on your head. [Xom's mischief]
 13914 | IceCv    | XOM: divination: magic mapping
 14056 | IceCv    | Noticed a white draconian
 14176 | IceCv    | XOM: fog
 14421 | IceCv    | Cast into level 3 of the Abyss (Xom)
 14425 | Abyss:3  | Found a corrupted altar of Lugonu.
 14452 | Abyss:3  | Learned a level 2 spell: Passwall
 14489 | Abyss:3  | Noticed a thrashing horror
 14504 | Abyss:3  | XOM: enchant monster (good)
 14516 | Abyss:3  | XOM: polymorph large abomination -> something unseen
 14614 | Abyss:3  | XOM: blink monster(s)
 14631 | Abyss:3  | XOM: summons 6 hostile demons
 14714 | Abyss:3  | Noticed a thrashing horror
 14725 | Abyss:3  | Noticed a thrashing horror
 14726 | Abyss:3  | Noticed a thrashing horror
 14736 | Abyss:3  | XOM: fog
 14742 | Abyss:3  | XOM: summons 3 friendly demons
 14831 | Abyss:3  | XOM: medium Conj miscast
 14884 | Abyss:3  | Noticed a starcursed mass
 14905 | Abyss:3  | Lost mutation: You are extremely frail. (-30% HP) [potion of mutation]
 14905 | Abyss:3  | Lost mutation: You are very frail. (-20% HP) [potion of mutation]
 14905 | Abyss:3  | Lost mutation: You are dopey. (Int -2) [potion of mutation]
 14905 | Abyss:3  | Lost mutation: You have a considerably increased reservoir of magic. (+20% MP) [potion of mutation]
 14905 | Abyss:3  | Gained mutation: You are somewhat resistant to further mutation. [potion of mutation]
 14906 | Abyss:3  | XOM: give mutation
 14906 | Abyss:3  | Gained mutation: You are covered in fur. (AC +1) [Xom's grace]
 14930 | Abyss:3  | XOM: medium Tmut miscast
 14998 | Abyss:3  | Noticed a revenant
 15039 | Abyss:3  | XOM: chaos cloud
 15109 | Abyss:3  | XOM: confusion
 15172 | Abyss:3  | Noticed a wretched star
 15222 | Abyss:3  | Noticed a lich
 15230 | Abyss:3  | Noticed a thrashing horror
 15231 | Abyss:3  | Found a corrupted altar of Lugonu.
 15231 | Abyss:3  | Noticed a rakshasa
 15231 | Abyss:3  | Noticed a thrashing horror
 15275 | Abyss:3  | Noticed a tentacled starspawn
 15292 | Abyss:3  | Noticed a tentacled starspawn
 15295 | Abyss:3  | Noticed a wretched star
 15309 | Abyss:3  | Found a corrupted altar of Lugonu.
 15352 | Abyss:3  | XOM: summons 6 hostile demons
 15431 | Abyss:3  | Noticed a wretched star
 15438 | Abyss:3  | Noticed a starcursed mass
 15439 | Abyss:3  | Found a corrupted altar of Lugonu.
 15506 | Abyss:3  | Noticed a thrashing horror
 15510 | Abyss:3  | Noticed a thrashing horror
 15517 | Abyss:3  | XOM: confusion (+ monsters)
 15528 | Abyss:3  | Killed a thrashing horror
 15528 | Abyss:3  | Reached XP level 13. HP: 97/97 MP: 19/19
 15590 | Abyss:3  | XOM: harmless Tmut miscast
 15598 | Abyss:3  | XOM: cast spell 'Metabolic Englaciation'
 15611 | Abyss:3  | XOM: summons 3 hostile demons
 15629 | Abyss:3  | Found a corrupted altar of Lugonu.
 15629 | Abyss:3  | Noticed a mad acolyte of Lugonu
 15639 | Abyss:3  | XOM: noise
 15646 | Abyss:3  | XOM: fog
 15654 | Abyss:3  | XOM: medium Air miscast
 15664 | Abyss:3  | XOM: enchant monster (bad)
 15691 | Abyss:3  | HP: 4/97 [smoke demon/divine providence (12)]
 15695 | Abyss:3  | XOM: swap monsters
 15723 | Abyss:3  | XOM: chaos cloud
 15724 | IceCv    | Escaped the Abyss
 16197 | IceCv    | XOM: summons friendly crimson imp
 16199 | IceCv    | XOM: cleaving
 16764 | IceCv    | Killed a white draconian
 16900 | Lair:6   | XOM: divination: detect creatures
 17126 | Lair:6   | XOM: fake destruction
 17137 | Lair:6   | XOM: harmless Conj miscast
 17313 | Lair:6   | XOM: divination: magic mapping
 17382 | Lair:6   | Found a runed door.
 17383 | Lair:6   | Found a viscous altar of Jiyva.
 17383 | Lair:6   | Noticed an acid blob
 17383 | Lair:6   | Noticed an acid blob
 17384 | Lair:6   | Noticed an acid blob
 17386 | Lair:6   | Found a staircase to the Slime Pits.
 17386 | Lair:6   | XOM: god gift: potion of curing
 17405 | Lair:6   | XOM: noise
 17638 | Lair:6   | XOM: medium Fire miscast
 17840 | Lair:6   | XOM: harmless Hex miscast
 17857 | Lair:6   | XOM: potion effect (agility)
 17865 | Lair:6   | XOM: cast spell 'Leda's Liquefaction'
 17874 | Lair:6   | XOM: noise
 17950 | Lair:6   | Reached skill level 15 in Dodging
 17996 | Lair:6   | XOM: mild Necr miscast
 18103 | Lair:6   | XOM: 1-stop teleportation journey
 18465 | Lair:6   | XOM: give mutation
 18465 | Lair:6   | Gained mutation: You occasionally shout uncontrollably at your foes. [Xom's mischief]
 18508 | Lair:5   | XOM: confuse monster(s)
 18857 | Lair:6   | Reached XP level 14. HP: 95/107 MP: 22/22
 18933 | Lair:6   | XOM: scenery: create altars
 18946 | Lair:6   | XOM: noise
 19041 | Lair:6   | XOM: mild Summ miscast
 19156 | Lair:6   | XOM: harmless Erth miscast
 19161 | Lair:6   | XOM: harmless Air miscast
 19173 | Lair:6   | XOM: cast spell 'Summon Dragon'
 19215 | Lair:6   | XOM: medium Necr miscast
 19344 | Lair:6   | XOM: mild Chrm miscast
 19490 | Lair:6   | XOM: scenery: create altars
 19530 | Lair:6   | Found a runed door.
 19588 | Lair:6   | XOM: fog
 20014 | Lair:6   | Identified a +2 pair of boots of running (You found it on level 6 of the Lair of Beasts)
 20339 | Lair:6   | XOM: medium Tloc miscast
 20433 | Lair:5   | XOM: swap monsters
 20446 | Lair:5   | XOM: 1-stop teleportation journey
 20449 | Lair:5   | XOM: summons friendly shadow imp
 20453 | Lair:5   | XOM: noise
 20462 | Lair:5   | XOM: enchant monster (good)
 20472 | Lair:5   | Reached skill level 19 in Polearms
 20828 | Lair:5   | XOM: swap monsters
 21066 | Lair:5   | XOM: draining
 21186 | Lair:5   | XOM: medium Air miscast
 21235 | Lair:5   | XOM: harmless Chrm miscast
 21265 | Lair:5   | Found a stormy altar of Qazlal.
 21347 | Lair:5   | XOM: confuse monster(s)
 21627 | Lair:5   | XOM: severe Pois miscast
 21649 | Lair:5   | XOM: harmless Pois miscast
 21663 | Lair:5   | XOM: stat loss: -1 Str (17/18)
 21860 | Lair:4   | XOM: summons 4 hostile demons
 22270 | Lair:4   | XOM: confuse monster(s)
 22317 | Lair:4   | XOM is BORED!
 22317 | Lair:4   | XOM: give mutations
 22317 | Lair:4   | Lost mutation: You are somewhat resistant to further mutation. [Xom's mischief]
 22317 | Lair:4   | Lost mutation: You are frail. (-10% HP) [Xom's mischief]
 22317 | Lair:4   | Gained mutation: You are partially covered in large bone plates. (SH +4) [Xom's mischief]
 22344 | Lair:4   | Found a staircase to the Swamp.
 22617 | Lair:3   | Reached skill level 15 in Fighting
 22763 | Lair:3   | XOM: cleaving
 22795 | Lair:3   | Noticed Urug
 23016 | Lair:3   | Killed Urug
 23063 | Lair:3   | XOM: give mutations
 23063 | Lair:3   | Gained mutation: You are dopey. (Int -2) [Xom's mischief]
 23063 | Lair:3   | Lost mutation: You occasionally shout uncontrollably at your foes. [Xom's mischief]
 23063 | Lair:3   | Lost mutation: You are very weak. (Str -4) [Xom's mischief]
 23063 | Lair:3   | Lost mutation: You have an increased reservoir of magic. (+10% MP) [Xom's mischief]
 23171 | Lair:3   | XOM: give mutations
 23171 | Lair:3   | Lost mutation: You are dopey. (Int -2) [Xom's mischief]
 23171 | Lair:3   | Gained mutation: Your body sometimes deteriorates upon taking damage. [Xom's mischief]
 23171 | Lair:3   | Gained mutation: You are very weak. (Str -4) [Xom's mischief]
 23534 | D:4      | Bought an uncursed amulet of rage for 480 gold pieces
 23534 | D:4      | Bought an uncursed ring of poison resistance for 240 gold pieces
 23534 | D:4      | Bought an uncursed ring of see invisible for 180 gold pieces
 23660 | D:10     | XOM: divination: magic mapping
 23671 | D:10     | XOM: blink monster(s)
 23837 | D:10     | XOM: harmless Erth miscast
 23887 | D:10     | XOM: harmless Chrm miscast
 24267 | D:11     | XOM: harmless Conj miscast
 24489 | D:11     | XOM: noise
 24809 | D:12     | Reached XP level 15. HP: 110/129 MP: 22/22
 24872 | D:12     | XOM: medium Pois miscast
 25240 | D:12     | XOM: harmless Air miscast
 25319 | D:12     | XOM: harmless Tmut miscast
 25572 | D:12     | XOM: destruction
 25755 | D:12     | XOM: scenery: create altars
 25837 | D:13     | XOM: polymorph soldier ant -> hog
 26076 | D:13     | XOM is BORED!
 26076 | D:13     | XOM: noise
 26097 | D:13     | Found Doess's Antique Armour Boutique.
 26388 | D:13     | XOM: harmless Pois miscast
 26459 | D:13     | Found a gate to the Vaults.
 26549 | D:13     | XOM: noise
 26715 | D:14     | Reached skill level 10 in Evocations
 26811 | D:14     | XOM is BORED!
 26811 | D:14     | XOM: summons 1 hostile demon
 26833 | D:14     | XOM: give mutations
 26833 | D:14     | Gained mutation: Your body often deteriorates upon taking damage. [Xom's mischief]
 26833 | D:14     | Gained mutation: Scrolls take you a little longer to read. [Xom's mischief]
 26833 | D:14     | Gained mutation: You are dopey. (Int -2) [Xom's mischief]
 27210 | D:14     | XOM: stat loss: -1 Dex (17/18)
 27448 | D:15     | Entered Level 15 of the Dungeon
 27452 | D:15     | Found a sacrificial altar of Ru.
 27459 | D:15     | XOM: silly message
 27522 | D:14     | XOM: noise
 27565 | D:14     | XOM: give mutations
 27565 | D:14     | Lost mutation: You are covered in fur. (AC +1) [Xom's mischief]
 27565 | D:14     | Lost mutation: You are dopey. (Int -2) [Xom's mischief]
 27565 | D:14     | Lost mutation: You are very weak. (Str -4) [Xom's mischief]
 27843 | D:15     | XOM: draining
 27879 | D:15     | XOM: mild Summ miscast
 27940 | D:15     | XOM: polymorph red ugly thing -> queen ant
 27956 | D:15     | XOM: cast spell 'Alistair's Intoxication'
 27962 | D:15     | XOM: noise
 28053 | D:15     | Found an iron altar of Okawaru.
 28057 | D:15     | Reached skill level 20 in Polearms
 28097 | D:15     | Noticed Louise
 28108 | D:15     | Killed Louise
 28199 | D:15     | XOM: harmless Fire miscast
 28345 | D:15     | XOM: potion effect (heal wounds)
 28387 | D:15     | XOM: harmless Necr miscast
 28591 | D:15     | XOM: scenery: create altars
 28605 | D:15     | XOM: fog
 28615 | D:15     | XOM: confuse monster(s)
 28618 | D:15     | XOM: scenery: create altars
 28621 | D:15     | XOM: give mutation
 28621 | D:15     | Gained mutation: Your mind is acute. (Int +2) [Xom's grace]
 28791 | D:15     | Found a staircase to the Depths.
 29036 | D:13     | XOM: cloud trail
 29059 | D:13     | Bought a glowing scale mail for 231 gold pieces
 29059 | D:13     | Bought an embroidered scarf for 264 gold pieces
 29345 | Orc:1    | Entered Level 1 of the Orcish Mines
 29550 | Orc:2    | Entered Level 2 of the Orcish Mines
 29765 | Orc:1    | XOM: god gift: mace {god gift}
 30170 | Orc:2    | Found Lexkosua's Jewellery Boutique.
 30226 | Orc:2    | Found a roughly hewn altar of Beogh.
 30401 | Orc:2    | Found a staircase to the Elven Halls.
 30672 | Orc:2    | XOM is BORED!
 30672 | Orc:2    | XOM: summons 3 hostile shadow creatures
 30680 | Orc:2    | XOM: god gift: scroll of teleportation
 30703 | Orc:2    | XOM: polymorph orc -> goblin
 30724 | Orc:2    | Reached XP level 16. HP: 108/141 MP: 18/24
 30776 | Orc:2    | XOM: scenery: create altars
 30812 | Orc:2    | Found a roughly hewn altar of Beogh.
 30899 | Orc:2    | XOM: scenery: create altars
 30915 | Orc:2    | XOM: cleaving
 30973 | Orc:2    | XOM: polymorph orc knight -> manticore
 30975 | Orc:2    | XOM: god gift: 5 large rocks
 31146 | Orc:2    | XOM: harmless Pois miscast
 31188 | Orc:2    | Found Musiycsi's Magic Scroll Emporium.
 31188 | Orc:2    | Found Befuuquf's Distillery.
 31189 | Orc:2    | Found Amif's Book Boutique.
 31290 | Orc:2    | Found Cude's Weapon Boutique.
 31315 | Orc:2    | Bought a potion of curing for 39 gold pieces
 31315 | Orc:2    | Bought a potion of heal wounds for 65 gold pieces
 31315 | Orc:2    | Bought a potion of heal wounds for 65 gold pieces
 31315 | Orc:2    | Bought a potion of heal wounds for 65 gold pieces
 31409 | Orc:2    | XOM: mild Ice miscast
 31483 | Orc:2    | Bought an uncursed ring of protection from magic for 250 gold pieces
 31532 | Elf:1    | Entered Level 1 of the Elven Halls
 31690 | Elf:1    | Noticed Aizul
 31696 | Elf:1    | Noticed Aizul
 31696 | Elf:1    | Aizul changed into Aizul the emperor scorpion
 31696 | Elf:1    | XOM: polymorph Aizul -> Aizul the emperor scorpion
 31707 | Elf:1    | Noticed Aizul
 31707 | Elf:1    | Aizul the emperor scorpion changed into Aizul the queen ant
 31707 | Elf:1    | XOM: polymorph Aizul the emperor scorpion -> Aizul the queen ant
 31711 | Elf:1    | Killed Aizul the queen ant
 31718 | Elf:1    | Got a translucent copper ring
 31995 | Elf:1    | Identified the ring "Korojeh" {Int+5 Slay+1} (You found it on level 1 of the Elven Halls)
 32067 | Elf:1    | XOM: give mutation
 32067 | Elf:1    | Gained mutation: You are resistant to hostile enchantments. (MR+) [Xom's grace]
 32274 | Elf:1    | XOM: destruction
 32282 | Elf:1    | XOM: scenery: 1 doors open
 32285 | Elf:1    | XOM: cast spell 'Summon Mana Viper'
 32291 | Elf:1    | XOM: destruction
 32292 | Elf:1    | XOM: harmless Conj miscast
 32609 | Elf:1    | XOM: summons 8 hostile demons
 32620 | Elf:1    | XOM: harmless Pois miscast
 32853 | Elf:1    | XOM: give mutations
 32853 | Elf:1    | Gained mutation: Your system is resistant to poisons. (rPois) [Xom's mischief]
 32853 | Elf:1    | Lost mutation: You are resistant to hostile enchantments. (MR+) [Xom's mischief]
 32967 | Elf:1    | Found a deep blue altar of Sif Muna.
 32986 | Elf:1    | Noticed Agnes
 33281 | Elf:1    | XOM: summons 7 friendly demons
 33282 | Elf:1    | XOM: blink monster(s)
 33284 | Elf:1    | XOM: mild Conj miscast
 33471 | Elf:1    | XOM: summons 3 hostile demons
 33507 | Elf:1    | XOM: god gift: book of Frost
 33723 | Elf:2    | XOM: summons friendly white imp
 33917 | Elf:1    | XOM: harmless Ice miscast
 34021 | Elf:2    | XOM: scenery: create altars
 34201 | Elf:2    | XOM: potion effect (might)
 34202 | Elf:2    | XOM: potion effect (magic)
 34226 | Elf:2    | XOM: noise
 34328 | Elf:2    | XOM: cloud trail
 34385 | Elf:2    | XOM: summons friendly white imp
 34428 | Elf:2    | XOM: harmless Summ miscast
 34588 | Elf:2    | XOM: fog
 34830 | Elf:2    | XOM: scenery: create altars
 34850 | Elf:2    | XOM: smoke on damage
 34935 | Elf:2    | XOM: give mutations
 34935 | Elf:2    | Gained mutation: You are partially covered in thin metallic scales. (AC +2) [Xom's grace]
 34935 | Elf:2    | Gained mutation: You expend magic power (3 MP) to strengthen your wands. [Xom's grace]
 34935 | Elf:2    | Gained mutation: You possess an exceptional clarity of mind. [Xom's grace]
 34935 | Elf:2    | Lost mutation: You are weak. (Str -2) [Xom's grace]
 35144 | Elf:2    | Found a huge runed gate.
 35144 | Elf:2    | Found a huge runed gate.
 35144 | Elf:2    | Found a huge runed gate.
 35144 | Elf:2    | Found a huge runed gate.
 35144 | Elf:2    | Found a huge runed gate.
 35147 | Elf:2    | XOM: smoke on damage
 35423 | Elf:2    | XOM: scenery: 4 doors close
 35444 | Elf:2    | XOM: polymorph deep elf mage -> komodo dragon
 35478 | Elf:2    | XOM: divine lightning
 35493 | Elf:2    | XOM: confuse monster(s)
 35523 | Elf:2    | HP: 7/144 [trident of freezing (2)]
 35589 | Elf:2    | XOM: 3-stop teleportation journey
 35790 | Elf:2    | XOM: god gift: brightly glowing longbow {god gift}
 35793 | Elf:2    | Got a brightly glowing longbow {god gift}
 35825 | Elf:2    | XOM: enchant monster (good)
 35827 | Elf:2    | XOM: silly message
 36327 | Elf:2    | XOM: mild Necr miscast
 36562 | Elf:2    | Reached XP level 17. HP: 151/151 MP: 26/26
 36743 | Elf:2    | XOM: noise
 37268 | Elf:2    | XOM: give mutations
 37268 | Elf:2    | Lost mutation: You expend magic power (3 MP) to strengthen your wands. [Xom's mischief]
 37268 | Elf:2    | Lost mutation: Your system is resistant to poisons. (rPois) [Xom's mischief]
 37268 | Elf:2    | Gained mutation: You are somewhat resistant to further mutation. [Xom's mischief]
 37268 | Elf:2    | Lost mutation: You are partially covered in thin metallic scales. (AC +2) [Xom's mischief]
 37279 | Elf:2    | XOM: medium Hex miscast
 37306 | Elf:2    | XOM: swap monsters
 37818 | Elf:3    | Entered Level 3 of the Elven Halls
 37907 | Elf:3    | XOM: mild Necr miscast
 37924 | Elf:3    | XOM: blink monster(s)
 38043 | Elf:3    | XOM: scenery: 1 doors open
 38163 | Elf:3    | XOM: harmless Necr miscast
 38371 | Elf:3    | Found Asut's Assorted Antiques.
 38376 | Elf:3    | Bought a potion of curing for 78 gold pieces
 38376 | Elf:3    | Bought a potion of curing for 78 gold pieces
 38496 | Elf:3    | Found Ynaija Xefi's General Store.
 38533 | Elf:3    | Found Goanaor's Food Shoppe.
 38533 | Elf:3    | XOM: 3-stop teleportation journey
 38549 | Elf:3    | XOM: blink monster(s)
 38656 | Elf:2    | XOM: mild Air miscast
 38918 | Elf:3    | Found Foenn's Food Shoppe.
 38942 | Elf:3    | XOM: 1-stop teleportation journey
 39033 | Elf:3    | Found Oggoupa's Weapon Emporium.
 39095 | Elf:3    | XOM: scenery: 1 doors close
 39108 | Elf:3    | XOM: polymorph deep elf annihilator -> stone giant
 39307 | Elf:2    | XOM: give mutations
 39307 | Elf:2    | Lost mutation: You are somewhat resistant to further mutation. [Xom's mischief]
 39307 | Elf:2    | Lost mutation: Your body often deteriorates upon taking damage. [Xom's mischief]
 39364 | Elf:3    | XOM: harmless Air miscast
 39415 | Elf:3    | XOM: harmless Chrm miscast
 39725 | Elf:3    | Noticed a deep elf master archer
 39742 | Elf:3    | Killed a deep elf master archer
 39744 | Elf:3    | Killed from afar by a deep elf elementalist

Vault maps used:
D:1:      erik_arrival_orb_chamber
D:2:      cheibrodos_greedy_goblins
D:3:      cheibrodos_pilgrimage, good_gods_temple_1
D:4:      serial_shops, shop, nicolae_shop_trees, hex_tiny
D:5:      first_ration
D:6:      fedhas_altar_fruit_tree
D:7:      lemuel_round_altar, minmay_temple_entry_fiery, serial_curves,
          eino_curves_03, eino_curves_04, serial_shops, shop
D:8:      minitemple, kennysheep_little_box, hangedman_little_slice_of_home,
          hangedman_decor_points, corexii_leaking_fountain
D:9:      lair_entry_dummy, hangedman_decor_riveting
D:10:     zombieorc2_lemuel, serial_shops, nicolae_shop_behind_doors,
          minmay_ruffians, uniq_nergalle, uniq_erica
D:13:     david_vaults_4, serial_shops, shop, grunt_decor_one_mirror
D:15:     grunt_enter_depths_hoard, nicolae_ru_sacrificial_ziggurat, serial_ice,
          serial_ice_o, serial_ice_f, serial_ice_d, serial_ice_m, serial_ice_l,
          serial_ice_g, serial_ice_n, serial_ice_b, serial_ice_e, serial_ice_c,
          okawaru_ov_weapons_minmay, uniq_louise
Lair:2:   grunt_forest_small_clearings, serial_bayou_pond_a
Lair:3:   nicolae_spider_entry_orb_guardian, grunt_megastairs_4, uniq_urug
Lair:4:   nicolae_swamp_entry_splash_gauntlet, serial_bayou_lake_a,
          infiniplex_staircase_pool, serial_bayou_shore_a
Lair:5:   basic_altar, eino_house_with_fridge, lemuel_fruit_tree
Lair:6:   hangedman_lair_caniforms_friends, wormcave, slime_altar_2,
          portal_ice_cave_demonic_guard, minivault_25
Orc:2:    st_orc_elflike, basic_altar, serial_shops, nicolae_shop_stone,
          minmay_orc_temple_c
Elf:1:    evilmike_minifort, david_defended_altar_elf, uniq_aizul, uniq_agnes
Elf:3:    minmay_elf_hall_statues, serial_shops, shop, nicolae_shop_stone, shop,
          nicolae_shop_temple_entry_statues_fountains, nicolae_shop_waterfront
IceCv:    ice_cave_caverns_01

Skill      XL: |  1  2  3  4  5  6  7  8  9 10 11 12 13 14 15 16 17 |
---------------+----------------------------------------------------+-----
Dodging        | 3 4 5 6 8 9 11 12 14 15 16 17 18 | 18.9
Polearms       | 5 6 7 9 10 12 14 16 18 19 20 | 20.3
Fighting       | 4 6 7 9 10 12 13 15 17 18 19 | 19.3
Evocations     | 3 6 8 9 10 12 | 12.0
Armour         | |  0.6

Action                   |  1- 3 |  4- 6 |  7- 9 | 10-12 | 13-15 | 16-18 || total
-------------------------+-------+-------+-------+-------+-------+-------++-------
Melee: Spear             |   104 |   270 |    70 |       |       |       ||   444
       Trident           |       |       |   354 |  1098 |   206 |       ||  1658
       Headbutt          |       |       |       |    80 |       |       ||    80
       Tailslap          |       |       |       |    15 |     7 |     8 ||    30
       Glaive            |       |       |       |       |  1291 |   717 ||  2008
Throw: Tomahawk          |       |       |     8 |     7 |     1 |       ||    16
       Stone             |       |       |     1 |       |       |       ||     1
       Throwing net      |       |       |     1 |       |       |       ||     1
 Abil: Evoke Berserk Rag |       |       |       |       |       |     1 ||     1
Evoke: Wand              |       |       |       |    11 |    32 |    21 ||    64
       Box of beasts     |       |       |       |     2 |       |     1 ||     3
       Sack of spiders   |       |       |       |       |       |     1 ||     1
  Use: Scroll            |       |     9 |     5 |    23 |    15 |    10 ||    62
       Potion            |       |       |     1 |    22 |     4 |    11 ||    38
 Stab: Paralysed         |     2 |     6 |       |     2 |    22 |       ||    32
       Sleeping          |       |     1 |     3 |     2 |       |       ||     6
       Confused          |       |       |     4 |     8 |     3 |       ||    15
       Distracted        |       |       |     1 |     3 |     2 |     3 ||     9
       Invisible         |       |       |       |     8 |       |       ||     8
       Petrifying        |       |       |       |       |       |     1 ||     1
  Eat: Chunk             |       |     8 |    11 |    15 |    35 |     5 ||    74
       Ration            |       |       |       |     4 |     5 |     7 ||    16
Armor: Leather armour    |    24 |    61 |    70 |   176 |   138 |       ||   469
       Skin              |       |       |       |    14 |    29 |       ||    43
       Fire dragon scale |       |       |       |       |   164 |   185 ||   349
Dodge: Dodged            |    40 |   117 |   198 |   814 |  1305 |   409 ||  2883
Block: Other             |       |       |       |       |    97 |    85 ||   182

Table legend:
 A = Spawn XP
 B = Non-spawn XP
 C = Spawn XP percentage of total XP
 D = Spawn monster count
 E = Non-spawn monster count
 F = Spawn count percentage of total count
 G = Total turns spent on level
                    A         B        C        D         E        F      G
               +---------+---------+-------+---------+---------+-------+---------
         Total |    2921 |  204445 |   1.4 |      11 |     961 |   1.1 | 39744
               +---------+---------+-------+---------+---------+-------+---------
           D:1 |       0 |      50 |   0.0 |       0 |      31 |   0.0 |   961
           D:2 |       0 |      82 |   0.0 |       0 |      27 |   0.0 |   955
           D:3 |       0 |     209 |   0.0 |       0 |      30 |   0.0 |  1043
           D:4 |       0 |     543 |   0.0 |       0 |      25 |   0.0 |  1301
           D:5 |       0 |     700 |   0.0 |       0 |      25 |   0.0 |   926
           D:6 |       0 |     597 |   0.0 |       0 |      22 |   0.0 |   551
           D:7 |       0 |    1032 |   0.0 |       0 |       7 |   0.0 |   531
           D:8 |       0 |    2047 |   0.0 |       0 |      25 |   0.0 |  1781
           D:9 |       0 |    2037 |   0.0 |       0 |      20 |   0.0 |  1299
          D:10 |       0 |    6604 |   0.0 |       0 |      55 |   0.0 |  1214
          D:11 |       0 |    3830 |   0.0 |       0 |      35 |   0.0 |   884
          D:12 |       0 |    5200 |   0.0 |       0 |      51 |   0.0 |  1106
          D:13 |       0 |    6634 |   0.0 |       0 |      28 |   0.0 |  1162
          D:14 |       0 |    6843 |   0.0 |       0 |      18 |   0.0 |   983
          D:15 |       0 |   18253 |   0.0 |       0 |      47 |   0.0 |  1260
        Lair:1 |       0 |    4184 |   0.0 |       0 |      21 |   0.0 |  1106
        Lair:2 |       0 |     643 |   0.0 |       0 |       3 |   0.0 |   576
        Lair:3 |       0 |    6516 |   0.0 |       0 |      20 |   0.0 |  1155
        Lair:4 |       0 |    5670 |   0.0 |       0 |      23 |   0.0 |  1334
        Lair:5 |       0 |    7843 |   0.0 |       0 |      35 |   0.0 |  1276
        Lair:6 |       0 |   27593 |   0.0 |       0 |     115 |   0.0 |  3724
         Orc:1 |       0 |    2008 |   0.0 |       0 |      30 |   0.0 |   699
         Orc:2 |       0 |   14189 |   0.0 |       0 |     102 |   0.0 |  1488
         Elf:1 |       0 |   18389 |   0.0 |       0 |      41 |   0.0 |  2649
         Elf:2 |       0 |   31994 |   0.0 |       0 |      48 |   0.0 |  4109
         Elf:3 |       0 |   18538 |   0.0 |       0 |      22 |   0.0 |  1454
       Abyss:3 |    2921 |       0 | 100.0 |      11 |       0 | 100.0 |  1303
         IceCv |       0 |   12217 |   0.0 |       0 |      55 |   0.0 |  2914
               +---------+---------+-------+---------+---------+-------+---------
